 Dungeon Crawl Stone Soup version 0.26.0-16-gc1dbca0489 (webtiles) character file.

Game seed: 2440304200115752933

324 jackrogers the Slasher (level 6, 0/76 HPs)
             Began as a Draconian Berserker on Jan 22, 2021.
             Was a Priest of Trog.
             Slain by an orc wizard
             ... wielding a +0 dagger
              (1 damage)
             ... on level 4 of the Dungeon.
             The game lasted 00:03:45 (3467 turns).

jackrogers the Slasher (Draconian Berserker)        Turns: 3467, Time: 00:03:46

Health: 0/76       AC:  1    Str: 22    XL:     6   Next: 23%
Magic:  6/6        EV: 10    Int:  7    God:    Trog [***...]
Gold:   161        SH: 11    Dex: 10    Spells: 5/5 levels left

rFire    . . .     SeeInvis .   f - +0 long sword
rCold    . . .     Faith    .   c - +2 kite shield {AC+3}
rNeg     . . .     Spirit   .   (armour unavailable)
rPois    .         Reflect  .   (helmet restricted)
rElec    .         Harm     .   (no cloak)
rCorr    .         Rampage  .   (no gloves)
Will     .....                  (no boots)
Stlth    ..........             (no amulet)
HPRegen  0.22/turn              (no ring)
MPRegen  0.10/turn              (no ring)

@: berserking (expiring), corroded, very quick
A: unfitting armour, cold-blooded, AC +6
a: Renounce Religion, Berserk, Trog's Hand


You were on level 4 of the Dungeon.
You worshipped Trog.
Trog was most pleased with you.
You visited 1 branch of the dungeon, and saw 4 of its levels.

You collected 161 gold pieces.

Inventory:

Hand Weapons
 a - a +0 falchion
 f - a +0 long sword (weapon)
   (You found it on level 2 of the Dungeon)
Armour
 c - a +2 kite shield of protection (worn)
   (You found it on level 1 of the Dungeon)
 g - a +0 cloak
   (You took it off Crazy Yiuf on level 2 of the Dungeon)
Scrolls
 h - 2 scrolls of identify {unknown}
 i - a scroll of blinking {unknown}
 j - a scroll of immolation {unknown}
 k - a scroll of amnesia {unknown}
Potions
 b - a potion of lignification {unknown}
 d - a potion of heal wounds
 e - a potion of curing {unknown}


   Skills:
 - Level 3.2 Fighting
 * Level 6.2 Long Blades
 - Level 2.6 Dodging
 + Level 3.1 Shields


You had 5 spell levels left.
You didn't know any spells.
Your spell library was empty.

Dungeon Overview and Level Annotations

Branches:
Dungeon (4/15)
 Temple: D:4-7

Altars:
Yredelemnul


Innate Abilities, Weirdness & Mutations

Your plain brown scales are hard. (AC +6)
You cannot fit into any form of body armour.
You are cold-blooded and may be slowed by cold attacks.


Message History

You tail-slap the jelly.
The orc shouts!
You hear a shout!
An orc priest comes into view.
An orc wizard comes into view. It is wielding a +0 dagger.
The jelly hits you but does no damage.
An orc wizard comes into view. It is wielding a -3 dagger.
Danger x4: orc wizard, jelly, orc wizard (wandering), orc priest (wandering)!
The orc wizard shouts!
You hit the jelly but do no damage. The acid corrodes you!
Your hands burn!
You tail-slap the jelly, but do no damage.
The jelly barely misses you.
Danger x4: orc wizard x2, orc priest, jelly!
You hit the jelly but do no damage.
Your hands burn!
You tail-slap the jelly, but do no damage.
You block the jelly's attack.
The orc wizard gestures at itself while chanting.
The orc wizard flickers and vanishes!
Deactivating autopickup; reactivate with Ctrl-A.
Warning x3: The orc wizard might cast Slow, Confuse, Throw Flame, Throw Frost, or go Invisible!
The orc priest can smite you!
The jelly can corrode equipment in melee!
Your shield prevents you from hitting the jelly.
The jelly hits you.
You are splashed with acid!
Warning x3: The orc wizard might cast Slow, Confuse, Throw Flame, Throw Frost, or go Invisible!
The orc priest can smite you!
The jelly can corrode equipment in melee!
You hit the jelly.
Your hands burn!
The jelly closely misses you.
The orc priest looks satisfied for a moment.
You block the jelly's attack.
Warning x3: The orc wizard might cast Slow, Confuse, Throw Flame, Throw Frost, or go Invisible!
The orc priest can smite you!
The jelly can corrode equipment in melee!
You hit the jelly but do no damage.
Your hands burn!
You block the orc's attack. The jelly hits you.
* * * LOW HITPOINT WARNING * * *
You are splashed with acid!
* * * LOW HITPOINT WARNING * * *
The orc closely misses you.
You riposte.
You barely miss the orc. You tail-slap the orc.
Warning x3: The orc wizard might cast Slow, Confuse, Throw Flame, Throw Frost, or go Invisible!
The orc priest can smite you!
The jelly can corrode equipment in melee!
It was a potion of heal wounds.
You feel much better. You block the jelly's attack.
The orc hits you with a +0 whip.
Warning x3: The orc wizard might cast Slow, Confuse, Throw Flame, Throw Frost, or go Invisible!
The orc priest can smite you!
The jelly can corrode equipment in melee!
A red film seems to cover your vision as you go berserk!
You feel yourself moving faster!
You feel mighty! The jelly hits you. The acid corrodes you!
You are splashed with acid.
Warning x3: The orc wizard might cast Slow, Confuse, Throw Flame, Throw Frost, or go Invisible!
The jelly can corrode equipment in melee!
The orc priest can smite you!
You slash the jelly!
You kill the jelly!
Trog accepts your kill.
Warning x2: The orc wizard might cast Slow, Confuse, Throw Flame, Throw Frost, or go Invisible!
The orc priest can smite you!
You barely miss the orc wizard. The orc priest barely misses you.
Warning x2: The orc wizard might cast Slow, Confuse, Throw Flame, Throw Frost, or go Invisible!
The orc priest can smite you!
You barely miss the orc priest. You block the orc's attack.
You hear some strange, mumbled words.
Something tries to affect you, but you resist.
The orc priest hits you.
The orc wizard hits you with a cursed -3 dagger.
* * * LOW HITPOINT WARNING * * *
Warning x2: The orc wizard might cast Slow, Confuse, Throw Flame, Throw Frost, or go Invisible!
The orc priest can smite you!
You barely miss the orc priest. You block the orc's attack.
You hear some strange, mumbled words.
A puff of flame appears from out of thin air!
The puff of flame misses you. You block the orc priest's attack.
The orc wizard closely misses you.
You riposte.
You slash the orc wizard!
Warning x2: The orc wizard might cast Slow, Confuse, Throw Flame, Throw Frost, or go Invisible!
The orc priest can smite you!
You hit the orc priest.
Your tail-slap misses the orc priest.
You block the orc's attack.
The orc priest calls down the wrath of Beogh upon you.
Pain shoots through your body!
* * * LOW HITPOINT WARNING * * *
Warning x2: The orc wizard might cast Slow, Confuse, Throw Flame, Throw Frost, or go Invisible!
The orc priest can smite you!
You barely miss the orc priest. You block the orc wizard's attack.
Warning x2: The orc wizard might cast Slow, Confuse, Throw Flame, Throw Frost, or go Invisible!
The orc priest can smite you!
You slash the orc priest! You block the orc's attack.
The orc priest barely misses you.
You riposte.
You barely miss the orc priest. Something hits you.
* * * LOW HITPOINT WARNING * * *
You block the orc wizard's attack.
Warning x2: The orc wizard might cast Slow, Confuse, Throw Flame, Throw Frost, or go Invisible!
The orc priest can smite you!
Unknown command.
Warning x2: The orc wizard might cast Slow, Confuse, Throw Flame, Throw Frost, or go Invisible!
The orc priest can smite you!
You slash the orc priest!
You kill the orc priest!
Trog accepts your kill. You block the orc's attack. Something hits you.
* * * LOW HITPOINT WARNING * * *
The orc wizard hits you but does no damage.
Your Long Blades skill increases to level 6!
Your Shields skill increases to level 3!
You have reached level 6!
Your experience leads to an increase in your attributes!
Increase (s)trength, (i)ntelligence, or (d)exterity?
You feel stronger.
Your scales feel tougher.
Spoiler Alert: The orc wizard might cast Slow, Confuse, Throw Flame, Throw Frost, or go Invisible!
You slash the orc wizard!
You kill the orc wizard!
Trog accepts your kill.
Trog appreciates your killing of a magic user.
You block the orc's attack. Something hits you.
* * * LOW HITPOINT WARNING * * *
You slash the orc!
You kill the orc!
Trog accepts your kill.
You closely miss something. Something hits you.
You die...

.[... ..... .... .
#######... ..
##...##..##
...#.....!...# .
...........## ..
......[)....### ...
.......@#.#...######....
......)...##..#.#.......
......#...###....<......
......##..# ##........##
.....####.# #.......###
........#.###..#.......
...........##..##.......
...........#..##..#.....
...........## ........


There were no monsters in sight!

Vanquished Creatures
  A jelly (D:4)
  An orc priest (D:4)
  Crazy Yiuf (D:2)
  An orc wizard (D:4)
  2 worker ants (D:4)
  3 gnolls (D:3)
  4 adders
  An ooze (D:3)
  A worm (D:4)
  2 dart slugs
  3 leopard geckos
  2 orcs
  11 bats
  3 giant cockroaches
  7 hobgoblins
  7 jackals
  11 kobolds
  A ball python (D:2)
  3 frilled lizards
  13 goblins
  7 rats
85 creatures vanquished.

Notes
Turn   | Place    | Note
-------+----------+-------------------------------------------
     0 | D:1      | jackrogers the Draconian Berserker began the quest for the
                  | Orb.
     0 | D:1      | Reached XP level 1. HP: 19/19 MP: 1/1
   290 | D:1      | Reached XP level 2. HP: 20/26 MP: 2/2
   645 | D:1      | Reached skill level 4 in Long Blades
   772 | D:1      | Reached XP level 3. HP: 30/31 MP: 3/3
  1287 | D:2      | Found a basalt altar of Yredelemnul.
  1400 | D:2      | Reached ** piety under Trog
  1411 | D:2      | Reached skill level 1 in Shields
  1603 | D:2      | Found a runed translucent door.
  1604 | D:2      | Noticed Crazy Yiuf
  1693 | D:2      | Found a faded altar of an unknown god.
  1709 | D:2      | Reached XP level 4. HP: 38/38 MP: 4/4
  1890 | D:2      | Killed Crazy Yiuf
  1992 | D:3      | Reached skill level 5 in Long Blades
  2236 | D:3      | Reached skill level 2 in Shields
  2240 | D:3      | Reached XP level 5. HP: 35/45 MP: 5/5
  2663 | D:3      | Reached *** piety under Trog
  3454 | D:4      | HP: 5/45 [acid (7)]
  3461 | D:4      | HP: 10/67 [orc priest/nerve-wracking pain (11)]
  3464 | D:4      | HP: 2/67 [something (3)]
  3465 | D:4      | Reached skill level 6 in Long Blades
  3465 | D:4      | Reached skill level 3 in Shields
  3465 | D:4      | Reached XP level 6. HP: 3/51 MP: 6/6
  3467 | D:4      | Slain by an orc wizard

Illustrated notes

Levels and vault maps discovered:
D:1:      psy_arrival_whirlpool, layout_basic, serial_forest,
          infiniplex_forest_clump_small, infiniplex_forest_clump_large,
          infiniplex_forest_zigzag_1, infiniplex_forest_clump_diagonal,
          infiniplex_forest_clump_medium, infiniplex_forest_zigzag_1,
          minmay_pentomino_v4
D:2:      layout_basic, yredelemnul_altar_generic,
          chequers_ecumenical_altar_simple, uniq_crazy_yiuf_cottage
D:3:      layout_loops_corners
D:4:      layout_cave_pools, minmay_ogre_servants

Skill      XL: |  1  2  3  4  5 |
---------------+----------------+-----
Long Blades    | 4 5 6 |  6.2
Shields        | 1 2 3 |  3.1
Fighting       | |  3.2
Dodging        | |  2.6

Action                   |  1- 3 |  4- 6 || total
-------------------------+-------+-------++-------
Melee: Falchion          |   125 |       ||   125
       Tailslap          |    14 |    22 ||    36
       Long sword        |    17 |   117 ||   134
Invok: Berserk           |       |     1 ||     1
  Use: Scroll            |     2 |       ||     2
       Potion            |       |     1 ||     1
 Stab: Sleeping          |     1 |     1 ||     2
Armor: Skin              |    54 |    33 ||    87
Dodge: Dodged            |    78 |    29 ||   107
Block: Kite shield       |    65 |    57 ||   122
       Rpst.: Falchion   |    23 |       ||    23
       Long sword        |     5 |    11 ||    16

Table legend: (Time is in decaauts)
 A = Elapsed time spent in this place.
 B = Non-inter-level travel time spent in this place.
 C = Inter-level travel time spent in this place.
 D = Time resting spent in this place.
 E = Time spent auto-exploring this place.
 F = Levels seen in this place.
 G = Mean time per level.
                   A        B        C        D        E       F      G
               +--------+--------+--------+--------+--------+-----+--------+
         Total |   3515 |   3438 |     77 |    572 |   2277 |   4 |  878.8 |
       Dungeon |   3515 |   3438 |     77 |    572 |   2277 |   4 |  878.8 |
               +--------+--------+--------+--------+--------+-----+--------+

Top non-repeatable levels by time:
     D:3: 1364 daAuts
     D:1: 1251 daAuts
     D:2: 722 daAuts
     D:4: 177 daAuts

Table legend:
 A = Kills in this place as a percentage of kills in entire the game.
 B = Kills by you in this place as a percentage of kills by you in the entire game.
 C = Kills by friends in this place as a percentage of kills by friends in the entire game.
 D = Other kills in this place as a percentage of other kills in the entire game.
 E = Experience gained in this place as a percentage of experience gained in the entire game.
 F = Experience gained in this place divided by the number of levels of this place that you have seen.
                   A       B       C       D       E      F
               +-------+-------+-------+-------+-------+----------------------
         Total | 100.0 | 100.0 |   N/A |   N/A | 100.0 | 115.8
       Dungeon | 100.0 | 100.0 |   N/A |   N/A | 100.0 | 115.8
               +-------+-------+-------+-------+-------+----------------------
